 Dungeon Crawl Stone Soup version 0.27-a0-972-gd1521fd518 (webtiles) character file.

Game seed: 11658298623786914707

14237 Morbidden the Thaumaturge (level 12, -1/84 HPs)
             Began as a Djinni Air Elementalist on Apr 14, 2021.
             Was a Believer of Cheibriados.
             Slain by an orc knight
             ... wielding a +3 bardiche
              (26 damage)
             ... on level 12 of the Dungeon.
             The game lasted 00:25:05 (18872 turns).

Morbidden the Thaumaturge (DjAE)                   Turns: 18872, Time: 00:25:07

Health: -1/84      AC: 16    Str: 23    XL:     12   Next: 14%
Gold:   630        EV: 15    Int: 24    God:    Cheibriados [**....] SH:  0 Dex: 25

rFire    + + +     SeeInvis .   a - +4 dagger (elec)
rCold    x . .     Faith    .   (no shield)
rNeg     + . .     Spirit   .   i - +3 chain mail {rF+}
rPois    ∞         Reflect  .   h - +0 helmet
rElec    .         Harm     .   K - +1 cloak
rCorr    .         Rampage  .   b - +0 pair of gloves
Will     ++...                  (boots unavailable)
Stlth    ..........             L - amulet "Kestytt" {RegenMP Fragile rN+ Int+4 Dex+5}
HPRegen  0.24/turn              n - +4 ring of evasion
MPRegen  0.00/turn              z - +6 ring of strength

@: flying, very slow
A: fire resistance 2, cold vulnerability 1, float, innate caster, hp casting,
extra vitality 1, strong-willed 1, sense surroundings 1, strong 1, evolution 1
a: Renounce Religion, Bend Time


You were on level 12 of the Dungeon.
You worshipped Cheibriados.
Cheibriados was pleased with you.
You visited 2 branches of the dungeon, and saw 13 of its levels.

You collected 630 gold pieces.

Inventory:

Hand Weapons
 a - a +4 dagger of electrocution (weapon)
 y - a +5 great sword
 G - a +4 scimitar
Missiles
 c - 15 javelins (quivered)
 g - 24 boomerangs
 q - 5 boomerangs of dispersal
 H - 3 throwing nets
Armour
 b - a +0 pair of gloves (worn)
 h - a +0 helmet (worn)
 i - a +3 chain mail of fire resistance (worn)
 C - +0 acid dragon scales
 K - a +1 cloak (worn)
Jewellery
 n - a +4 ring of evasion (left hand)
 z - a +6 ring of strength (right hand)
 A - a +6 ring of dexterity
 L - the amulet "Kestytt" (around neck) {RegenMP Fragile rN+ Int+4 Dex+5}
   (You took it off a vampire on level 12 of the Dungeon)

   [amulet of magic regeneration]

   It increases your rate of magic regeneration.
   It affects your intelligence (+4).
   It affects your dexterity (+5).
   It protects you from negative energy.
   It will be destroyed if unequipped.
Wands
 j - a wand of flame (74)
 r - a wand of paralysis (18)
 w - a wand of acid (17)
 B - a wand of mindburst (18)
 E - a wand of iceblast (6)
 J - a wand of digging (3)
Scrolls
 f - a scroll of teleportation
 l - 4 scrolls of blinking
 u - a scroll of torment
 v - 3 scrolls of enchant armour
 F - 3 scrolls of identify
 M - a scroll of enchant weapon
Potions
 d - 2 potions of curing
 e - a potion of might {unknown}
 k - a potion of mutation
 o - 2 potions of degeneration {unknown}
 p - a potion of attraction {unknown}
 s - a potion of ambrosia
 t - 2 potions of haste {unknown}
 x - 3 potions of lignification {unknown}
 D - 2 potions of brilliance {unknown}
 I - a potion of flight {unknown}
Miscellaneous
 m - a phantom mirror


   Skills:
 * Level 6.6 Fighting
 * Level 5.4 Short Blades
 + Level 0.7 Throwing
 + Level 2.9 Armour
 * Level 5.2 Dodging
 + Level 4.2 Stealth
 * Level 12.7 Spellcasting
 * Level 3.3 Invocations


You had 7 spell levels left.
You knew the following spells:

 Your Spells              Type           Power      Damage    Failure   Level
a - Airstrike             Air            33%        N/A       1%          4
b - Manifold Assault      Tloc           66%        N/A       4%          5
c - Passwall              Tmut/Erth      55%        N/A       1%          2
e - Lightning Bolt        Conj/Air       33%        1d50      4%          5
f - Foxfire               Conj/Fire      100%       2x1d9     1%          1
g - Blink                 Tloc           N/A        N/A       1%          2
h - Animate Dead          Necr           33%        N/A       1%          4
q - Swiftness             Air            66%        N/A       1%          2
x - Shock                 Conj/Air       100%       1d9       1%          1
z - Static Discharge      Conj/Air       66%        N/A       1%          3
Your spell library was empty.

Dungeon Overview and Level Annotations

Branches:
Dungeon (12/15)            Temple (1/1) D:4             Orc (0/2) D:11
   Lair: D:8-11

Altars:
Ashenzari
Cheibriados
Dithmenos
Elyvilon
Fedhas
Gozag
Hepliaklqana
Kikubaaqudgha
Makhleb
Nemelex Xobeh
Okawaru
Qazlal
Ru
Sif Muna
Trog
Uskayaw
Vehumet
Wu Jian
Xom
Yredelemnul
Zin
The Shining One
Beogh
Lugonu

Shops:
D:6 =

Annotations:
D:4 exclusion: ogre
D:6 3 runed translucent doors, TotallyNotGC's ghost, novice DrFE
D:8 2 transporters
D:11 exclusion: boulder beetle


Innate Abilities, Weirdness & Mutations

You are immune to poison.
Your flesh is very heat resistant. (rF++)
You are vulnerable to cold. (rC-)
You float through the air rather than walking.
You learn spells naturally, not from books.
Your magical power is your life essence.
You have superior vitality. (+4 HP)
You are strong-willed. (Will+)
You passively map a small area around you.
Your muscles are strong. (Str +2)
You evolve.


Message History

Confirm with . or Enter, or press ? or * to list all spells.
You blink.
Unknown command.
Your chain mail prevents you from hitting the large slime creature.
The large slime creature hits you!!
You hit the large slime creature.
Lightning courses through the large slime creature!
The large slime creature is lightly wounded.
The large slime creature hits you but does no damage.
Unknown command.
Casting: Blink (safe; 1% risk of failure)
Confirm with . or Enter, or press ? or * to list all spells.
You blink.
* * * LOW HITPOINT WARNING * * *
Unknown command.
Unknown command.
Casting: Blink (safe; 1% risk of failure)
Confirm with . or Enter, or press ? or * to list all spells.
You blink.
* * * LOW HITPOINT WARNING * * *
Unknown command.
Unknown command.
Blink to where?
Press: ? - help, Dir - move target
As you read the scroll of blinking, it crumbles to dust.
As you read the scroll of teleportation, it crumbles to dust.
You feel strangely unstable.
Your surroundings suddenly seem different.
The orc knight shouts!
A yak comes into view.
The yak bellows!
A red ugly thing comes into view.
The red ugly thing gurgles horribly!
You hear an angry hiss.
You hear a horrible gurgling sound!
You hear an angry buzzing noise.
A two-headed ogre comes into view.
It is wielding a +0 giant club and a +0 giant spiked club.
A komodo dragon comes into view.
A yak comes into view.
A purple ugly thing comes into view.
A tengu warrior comes into view. It is wielding a +0 battleaxe.
The orc knight hits you with a +3 bardiche!!
You die...

...#* , , , #.#. ...# , * . u.y.
, #.#J ...# , #. O.Y. * ,#...
...# ,, , ....... #..# ...# , ,
[..#Q.....#.#.#..# ...# *
.#?............#..# ...# * *
..u.8Y..8.....#..# #..# ,
,##ol..# ..... #..# #..# *
#@#..#*#...#..#..# #..# ,
#).##o..#.......#..# #..#
#...#..8...8.....#..#
...##################.########).#
##.....................÷)..?...##
########...)...################
#########


You could see an orc knight, 2 ugly things, a tengu warrior, a two-headed ogre
(wandering), a komodo dragon, 2 yaks and a vampire mosquito.

Vanquished Creatures
  A two-headed ogre (D:10)
  A tengu warrior (D:12)
  Pikel (D:9)
  4 kobold demonologists (D:10)
  A tengu conjurer (D:12)
  A troll (D:10)
  A slime creature (D:12)
  Grinder (D:4)
  2 wraiths (D:12)
  A vampire (D:12)
  26 yaks
  2 wyverns
  2 vampire mosquitoes (D:11)
  6 water moccasins
  2 acid dragons (D:12)
  7 orc warriors
  3 ice beasts
  3 sky beasts
  2 black bears
  4 necrophages
  3 ogres
  3 centaurs
  A phantom (D:4)
  2 kobold brigands
  A scorpion (D:5)
  4 bullfrogs
  4 gnoll sergeants
  2 wyvern zombies
  11 wights
  A bullfrog zombie (D:5)
  2 jellies (D:5)
  3 hounds
  3 centaur zombies
  5 orc priests
  3 iguanas
  A gnoll shaman (D:10)
  10 orc wizards
  A killer bee zombie (D:7)
  A hound skeleton (D:4)
  A howler monkey zombie (D:9)
  Robin (D:4)
  2 adders
  22 gnolls
  A white imp (D:5)
  An ufetubus (D:5)
  2 worms
  4 dart slugs
  29 orcs
  6 endoplasms
  4 giant cockroaches
  19 goblins
  9 hobgoblins
  4 jackals
  A quokka (D:4)
  6 ball pythons
  13 bats
  2 frilled lizards
  A goblin skeleton (D:5)
  2 hobgoblin zombies (D:5)
  8 kobolds
  A kobold skeleton (D:5)
  4 orc zombies (D:5)
  5 rats
280 creatures vanquished.

Vanquished Creatures (others)
  A golden eye (shapeshifter) (D:12)
  5 fungi (D:10)
  3 plants (D:10)
9 creatures vanquished.

Grand Total: 289 creatures vanquished

Notes
Turn   | Place    | Note
-------+----------+-------------------------------------------
     0 | D:1      | Morbidden the Djinni Air Elementalist began the quest for
                  | the Orb.
     0 | D:1      | Reached XP level 1. HP: 15/15 MP: 0/0
   381 | D:1      | Reached skill level 3 in Spellcasting
   415 | D:1      | Reached XP level 2. HP: 13/21 MP: 0/0
   994 | D:1      | Reached XP level 3. HP: 24/26 MP: 0/0
   994 | D:1      | Learned a level 1 spell: Foxfire
  1856 | D:2      | Reached skill level 1 in Fighting
  1949 | D:2      | Reached XP level 4. HP: 31/32 MP: 0/0
  2379 | D:2      | Reached skill level 4 in Spellcasting
  2900 | D:3      | Reached XP level 5. HP: 4/37 MP: 0/0
  2900 | D:3      | Learned a level 2 spell: Passwall
  3243 | D:3      | Found a faded altar of an unknown god.
  3955 | D:3      | Found a stormy altar of Qazlal.
  4149 | D:4      | Noticed Robin
  4218 | D:4      | Killed Robin
  4495 | D:4      | Noticed an ogre
  4547 | D:4      | Noticed a water moccasin
  4579 | D:4      | Killed a water moccasin
  4580 | D:4      | Reached skill level 5 in Spellcasting
  4580 | D:4      | Reached XP level 6. HP: 42/42 MP: 0/0
  4733 | D:4      | Noticed Grinder
  4738 | D:4      | Killed Grinder
  4739 | D:4      | Reached skill level 1 in Short Blades
  4739 | D:4      | Reached XP level 7. HP: 34/49 MP: 0/0
  4739 | D:4      | Learned a level 2 spell: Blink
  4901 | D:4      | Reached skill level 6 in Spellcasting
  4964 | D:4      | Found a staircase to the Ecumenical Temple.
  4970 | Temple   | Entered the Ecumenical Temple
  5651 | D:4      | Found a sparkling altar of Nemelex Xobeh.
  5651 | D:4      | Found an opulent altar of Gozag.
  5934 | D:5      | Entered Level 5 of the Dungeon
  5955 | D:5      | Found a glowing golden altar of the Shining One.
  6175 | D:5      | Reached XP level 8. HP: 51/54 MP: 0/0
  6471 | D:5      | Reached skill level 7 in Spellcasting
  7051 | D:5      | Found an iron altar of Okawaru.
  7543 | D:6      | Found a runed translucent gate.
  7766 | D:6      | Reached skill level 8 in Spellcasting
  7766 | D:6      | Reached XP level 9. HP: 53/61 MP: 0/0
  7766 | D:6      | Learned a level 4 spell: Animate Dead
  8053 | D:6      | Gained mutation: You are clumsy. (Dex -2) [potion of
                  | mutation]
  8053 | D:6      | Gained mutation: You evolve. [potion of mutation]
  8053 | D:6      | Gained mutation: Your muscles are strong. (Str +2) [potion
                  | of mutation]
  8711 | D:6      | Reached skill level 9 in Spellcasting
  8968 | D:6      | Found Emeuf's Jewellery Shop.
  9103 | D:6      | Lost mutation: You are clumsy. (Dex -2) [evolution]
  9490 | D:6      | Found a runed translucent gate.
  9491 | D:6      | Found a runed translucent gate.
  9493 | D:6      | Noticed TotallyNotGC's ghost (novice DrFE)
  9637 | D:7      | Reached skill level 1 in Armour
  9973 | D:7      | Reached XP level 10. HP: 56/69 MP: 0/0
 10283 | D:7      | Reached skill level 10 in Spellcasting
 11098 | D:7      | Gained mutation: You are strong-willed. (Will+) [evolution]
 11776 | D:8      | Found a transporter.
 11778 | D:8      | Found a corrupted altar of Lugonu.
 11783 | D:8      | Noticed a cyan ugly thing
 11892 | D:8      | Found a transporter.
 11892 | D:8      | Noticed a purple ugly thing
 11918 | D:8      | Found a hazy altar of Hepliaklqana.
 11981 | D:8      | Found a shimmering altar of Xom.
 12035 | D:8      | Reached skill level 5 in Fighting
 12335 | D:9      | Noticed Pikel
 12348 | D:9      | Killed Pikel
 12630 | D:9      | Reached skill level 11 in Spellcasting
 12954 | D:9      | Found a basalt altar of Yredelemnul.
 13342 | D:9      | Found an ornate altar of the Wu Jian Council.
 13343 | D:9      | Found a snail-covered altar of Cheibriados.
 13356 | D:9      | Reached XP level 11. HP: 52/76 MP: 0/0
 13356 | D:9      | Learned a level 5 spell: Manifold Assault
 13368 | D:9      | Became a worshipper of Cheibriados the Contemplative
 13905 | D:10     | Entered Level 10 of the Dungeon
 13989 | D:10     | Reached skill level 1 in Invocations
 14543 | D:10     | Noticed a two-headed ogre
 14548 | D:10     | Killed a two-headed ogre
 14798 | D:10     | Reached skill level 12 in Spellcasting
 15251 | D:10     | Reached * piety under Cheibriados
 16246 | D:10     | Found a blossoming altar of Fedhas.
 16885 | D:11     | Noticed a boulder beetle
 17043 | D:11     | Reached skill level 5 in Short Blades
 17503 | D:11     | Found a staircase to the Orcish Mines.
 17926 | D:11     | Noticed a boulder beetle
 17967 | D:12     | Noticed a tengu warrior
 18358 | D:12     | Killed a tengu warrior
 18359 | D:12     | Reached skill level 5 in Dodging
 18359 | D:12     | Reached XP level 12. HP: 60/84 MP: 0/0
 18531 | D:12     | Reached ** piety under Cheibriados
 18625 | D:12     | Gained mutation: You passively map a small area around you.
                  | [evolution]
 18741 | D:12     | Identified the amulet "Kestytt" {RegenMP Fragile rN+ Int+4
                  | Dex+5}
 18872 | D:12     | Noticed a two-headed ogre
 18872 | D:12     | Noticed a tengu warrior
 18872 | D:12     | Slain by an orc knight

Illustrated notes

Levels and vault maps discovered:
D:1:      heliophobic_arrival_henge, layout_basic, minmay_tiny_reverse_x
D:2:      layout_loops_ring, minmay_misc_feat_encased,
          hangedman_abyss_or_decor_lesser_grid, minmay_goblin_outpost
D:3:      layout_basic, nicolae_qazlal_eye_of_the_storm,
          shapermc_ecumenical_altar_venn
D:4:      layout_loops_corners, grunt_temple_overflow_opulence,
          minmay_temple_entry_enclosed_plants, uniq_grinder, uniq_robin
D:5:      layout_loops_corners, amcnicky_altar_gilded,
          nicolae_tso_besieged_by_evil
D:6:      layout_rooms, serial_shops, shop, biasface_ghost_orc_armoury,
          st_stairs_3, minmay_quadrilaterals
D:7:      layout_loops_ring, minmay_misc_feat_diagonals,
          kennysheep_generic_room_4
D:8:      gammafunk_corrupted_shrine, layout_basic, lemuel_round_altar,
          lemuel_crystal_altar
D:9:      layout_irregular_city, chequers_temple_overflow_statue_of_worship,
          nicolae_overflow_hidden_temple, uniq_pikel
D:10:     lemuel_ice_spiral_2, layout_basic, fedhas_altar_3
D:11:     layout_loops_ring, lair_entry_dummy,
          kennysheep_orc_monster_closet_entryway, serial_shops,
          nicolae_shop_behind_doors, ashenzari_altar_1
D:12:     minmay_the_grid_square_5x5_5x5_mashed
          [minmay_the_grid_square_5x5_one_wall,
          minmay_the_grid_square_5x5_shrine2,
          minmay_the_grid_square_5x5_minivault,
          minmay_the_grid_square_5x5_lines,
          minmay_the_grid_square_5x5_broken_cross,
          minmay_the_grid_square_5x5_shrine1,
          minmay_the_grid_square_5x5_prize_open,
          minmay_the_grid_square_5x5_mess,
          minmay_the_grid_square_5x5_prize_monsterx,
          minmay_the_grid_square_5x5_two, minmay_the_grid_square_5x5_eight,
          minmay_the_grid_square_5x5_inner_v,
          minmay_the_grid_square_5x5_prize_junk,
          minmay_the_grid_square_5x5_checkered,
          minmay_the_grid_square_5x5_tetrominoes,
          minmay_the_grid_square_5x5_pentomino_r,
          minmay_the_grid_square_5x5_prize_itemx, minmay_the_grid_square_5x5_c,
          minmay_the_grid_square_5x5_prize_deathbox,
          minmay_the_grid_square_5x5_fat_x, minmay_the_grid_square_5x5_dogpile,
          minmay_the_grid_square_5x5_checkered_statues,
          minmay_the_grid_square_5x5_longway, minmay_the_grid_square_5x5_three,
          minmay_the_grid_square_5x5_inner_z], layout_rooms, uniq_maurice
Temple:   eino_temple_lava

Skill      XL: |  1  2  3  4  5  6  7  8  9 10 11 |
---------------+----------------------------------+-----
Spellcasting   | 3 4 5 6 8 9 11 12 | 12.7
Fighting       | 1 2 3 4 5 6 |  6.6
Stealth        | 2 3 4 |  4.2
Short Blades   | 1 2 3 4 5 |  5.4
Dodging        | 3 4 5 |  5.2
Armour         | 1 2 |  2.9
Invocations    | 3 |  3.3
Throwing       | |  0.7

Action                   |  1- 3 |  4- 6 |  7- 9 | 10-12 || total
-------------------------+-------+-------+-------+-------++-------
Melee: Dagger            |       |    25 |   137 |   216 ||   378
       Unarmed           |       |     1 |       |       ||     1
Throw: Javelin           |       |     2 |       |       ||     2
 Cast: Shock             |    87 |    88 |    49 |    46 ||   270
       Airstrike         |       |     3 |    75 |   184 ||   262
       Manifold Assault  |       |       |       |    23 ||    23
       Blink             |       |       |       |     5 ||     5
Evoke: Wand              |       |     1 |       |     3 ||     4
  Use: Scroll            |       |     7 |     6 |     7 ||    20
       Potion            |       |       |     2 |     6 ||     8
 Stab: Paralysed         |       |     2 |       |       ||     2
       Sleeping          |       |       |     3 |     3 ||     6
       Distracted        |       |       |     1 |       ||     1
Armor: Robe              |     8 |       |     2 |       ||    10
       Skin              |       |       |     2 |       ||     2
       Leather armour    |       |       |    17 |    17 ||    34
       Chain mail        |       |       |       |    48 ||    48
Dodge: Dodged            |    11 |    26 |   116 |   148 ||   301

Table legend: (Time is in decaauts)
 A = Elapsed time spent in this place.
 B = Non-inter-level travel time spent in this place.
 C = Inter-level travel time spent in this place.
 D = Time resting spent in this place.
 E = Time spent auto-exploring this place.
 F = Levels seen in this place.
 G = Mean time per level.
                   A        B        C        D        E       F      G
               +--------+--------+--------+--------+--------+-----+--------+
         Total |  19336 |  18945 |    391 |   3176 |  13923 |  13 | 1487.4 |
       Dungeon |  19278 |  18893 |    385 |   3176 |  13873 |  12 | 1606.5 |
        Temple |     57 |     51 |      6 |      0 |     50 |   1 |   57.0 |
               +--------+--------+--------+--------+--------+-----+--------+

Top non-repeatable levels by time:
    D:10: 3234 daAuts
     D:6: 2004 daAuts
     D:4: 1855 daAuts
     D:7: 1706 daAuts
     D:1: 1636 daAuts
     D:5: 1600 daAuts
     D:9: 1463 daAuts
     D:3: 1301 daAuts
     D:8: 1263 daAuts
    D:11: 1120 daAuts
     D:2: 1080 daAuts
    D:12: 1012 daAuts
  Temple: 57 daAuts
